AoeStats
← DonTune

Arabia

510154473Analyzed
2v2 RM · 4d ago on Sep 29, 2026· 59m 18s· 4 players
Game mode
Random Map
Map size
Medium (4 player)
Population
200
Speed
Normal
Resources
Standard
Victory
Conquest
Starting age
Dark Age
Ending age
Imperial Age
RankedLock teamsTeams togetherTeam positionsShared explorationLock speedFull tech treeHidden civsTurbo modeCheats
Victory
Defeat
🇨🇭 Varangians · Switzerland
1219
+14
🇨🇭 Persians · Switzerland
1215
+14
🇦🇷 Britons · Argentina
1204
-15
🇩🇪 Persians · Germany
1152
-13
Ilum | DiegoGrip
6:59 Loom
9:34 Feudal Age
10:18 Double-Bit Axe
11:12 Town Watch
15:47 Fletching
17:50 Padded Archer Armor
22:07 Castle Age
20:07 Gold Mining
22:51 Bodkin Arrow
22:18 Crossbowman
23:48 Bow Saw
28:07 Ballistics
28:04 Horse Collar
29:01 Wheelbarrow
29:05 Gold Shaft Mining
34:06 Hand Cart
37:19 Imperial Age
35:40 Stone Mining
36:23 Leather Archer Armor
37:36 Arbalester
38:17 Bracer
40:06 Chemistry
39:16 Masonry
40:46 Ring Archer Armor
41:01 Siege Engineers
41:43 Conscription
42:47 Yeomen
44:56 Town Patrol
46:13 Siphons
48:35 Scale Mail Armor
48:46 Forging
48:30 Pikeman
49:11 Squires
48:57 Gambesons
49:29 Halberdier
52:55 Chain Mail Armor
53:15 Iron Casting
53:23 Hoardings
54:44 Plate Mail Armor
56:01 Architecture
60:35 Blast Furnace
Christarios
7:23 Loom
9:24 Feudal Age
22:04 Castle Age
20:46 Double-Bit Axe
21:32 Bloodlines
21:58 Forging
24:39 Scale Barding Armor
34:40 Scale Mail Armor
34:47 Pikeman
38:49 Gambesons
41:14 Wheelbarrow
40:44 Horse Collar
41:26 Husbandry
45:35 Bow Saw
46:59 Hand Cart
55:28 Imperial Age
55:03 Halberdier
El Tucan de muerte
7:54 Loom
10:46 Feudal Age
11:15 Horse Collar
11:22 Double-Bit Axe
12:47 Town Watch
21:01 Castle Age
20:00 Gold Mining
20:21 Forging
21:05 Bloodlines
21:01 Scale Barding Armor
22:17 Bow Saw
27:07 Iron Casting
28:02 Husbandry
29:44 Chain Barding Armor
37:29 Wheelbarrow
42:07 Imperial Age
39:47 Vendel Legacy
40:50 Fletching
41:50 Stone Mining
42:12 Cavalier
43:28 Plate Barding Armor
43:55 Blast Furnace
47:31 Bodkin Arrow
48:53 Conscription
49:35 Conscription
52:27 Light Cavalry
53:56 Hussar
DonTune
6:26 Loom
9:18 Feudal Age
22:01 Castle Age
23:42 Bloodlines
23:41 Scale Barding Armor
30:21 Double-Bit Axe
31:44 Chain Barding Armor
32:18 Forging
32:27 Town Watch
33:13 Bow Saw
32:55 Horse Collar
34:31 Iron Casting
34:00 Husbandry
36:55 Wheelbarrow
36:21 Gold Mining
39:03 Ballistics
44:36 Imperial Age
42:46 Hand Cart
49:31 Light Cavalry
50:48 Plate Barding Armor
Connection lost

Rejoining the realm…

Still unreachable

The connection could not be restored.

Session expired

The server has moved on; the page needs a fresh start.